 Dungeon Crawl Stone Soup version 0.29-a0-82-g837932c90e (webtiles) character file.

Game seed: 16938723417199726727

539 HallandMoats the Ducker (level 7, -3/59 HPs)
             Began as a Ghoul Monk on Feb 5, 2022.
             Slain by a shadow (32 damage)
             ... on level 5 of the Dungeon.
             The game lasted 00:06:30 (4093 turns).

HallandMoats the Ducker (Ghoul Monk)                Turns: 4093, Time: 00:06:31

Health: -3/59      AC:  9    Str: 24    XL:     7   Next: 26%
Magic:  6/6        EV: 12    Int:  5    God:
Gold:   57         SH:  4    Dex: 11    Spells: 6/6 levels left

rFire   . . .      SeeInvis .   i - +0 spear (venom)
rCold   + . .      Faith    .   f - +0 buckler
rNeg    + + +      Spirit   .   p - +2 robe of Laphojav {rPois Str+7 Stlth-}
rPois   ∞          Reflect  .   (no helmet)
rElec   .          Harm     .   (no cloak)
rCorr   .          Rampage  .   m - +0 pair of gloves
Will    .....                   (no boots)
Stlth   +.........              (no amulet)
HPRegen 0.00/turn               k - +4 ring of protection
MPRegen 0.10/turn               (no ring)

@: inhibited regen
A: claws 1, cold resistance 1, negative energy resistance 3, inhibited
regeneration, torment resistance 2
a: no special abilities


You were on level 5 of the Dungeon.
You visited 1 branch of the dungeon, and saw 5 of its levels.

You collected 101 gold pieces.
You spent 44 gold pieces at shops.

Inventory:

Hand Weapons
 a - a +0 hand axe
 i - a +0 spear of venom (weapon)
Armour
 f - a +0 buckler (worn)
 h - a +1 chain mail of fire resistance
 m - a +0 pair of gloves (worn)
 p - the +2 robe of Laphojav (worn) {rPois Str+7 Stlth-}
   (You found it on level 4 of the Dungeon)

   Str:       It affects your strength (+7).
   rPois:     It protects you from poison.
   Stlth:     It makes you less stealthy.
Jewellery
 k - a +4 ring of protection (left hand)
Scrolls
 b - 5 scrolls of enchant weapon
 c - a scroll of teleportation {unknown}
 g - a scroll of blinking {unknown}
 j - a scroll of immolation
 l - a scroll of fog
 q - a scroll of silence {unknown}
Potions
 d - a potion of heal wounds {unknown}
 e - 2 potions of degeneration {unknown}
 n - 2 potions of flight {unknown}
 o - a potion of lignification {unknown}
 r - a potion of resistance {unknown}


   Skills:
 + Level 4.2 Fighting
 - Level 3.0(3.5) Axes
 * Level 2.6(3.3) Polearms
 * Level 3.0 Armour
 * Level 4.2 Dodging
 - Level 2.1 Stealth
 * Level 2.7 Shields


You had 6 spell levels left.
You didn't know any spells.
Your spell library contained the following spells:

 Spells                   Type           Power      Damage    Failure   Level
 Foxfire                  Conj/Fire      0%         2x1d4     56%         1
 Sting                    Tmut/Pois      0%         1d3       56%         1
 Conjure Flame            Conj/Fire      0%         6-21      91%         3
 Inner Flame              Hex/Fire       0%         N/A       91%         3
 Ozocubu's Armour         Ice            0%         N/A       91%         3
 Flame Wave               Conj/Fire      0%         2d4       100%        4
 Petrify                  Tmut/Erth      0%         N/A       100%        4
 Irradiate                Conj/Tmut      0%         3d13      100%        5
 Ozocubu's Refrigeration  Ice            0%         4d5       100%        7
 Sublimation of Blood     Necr           Unusable   N/A       N/A         2
 Ice Form                 Ice/Tmut       Unusable   N/A       N/A         4
 Dragon Form              Tmut           Unusable   N/A       N/A         7
 Necromutation            Tmut/Necr      Unusable   N/A       N/A         8

Dungeon Overview and Level Annotations

Branches:
Dungeon (5/15)
 Temple: D:4-7

Altars:
Cheibriados
Dithmenos
Fedhas
Qazlal
Uskayaw
Wu Jian
Yredelemnul

Shops:
D:2 :   D:3 ?


Innate Abilities, Weirdness & Mutations

You thrive by killing the living.
You are immune to poison.
You have sharp fingernails.
Your flesh is cold resistant. (rC+)
You are immune to negative energy. (rN+++)
You do not regenerate when monsters are visible.
You are immune to unholy pain and torment.


Message History

The shadow hits you!
You hit the shadow but do no damage.
The shadow is lightly damaged.
The shadow hits you.
You closely miss the shadow.
The shadow is lightly damaged.
The shadow completely misses you.
You closely miss the shadow.
The shadow is lightly damaged.
The shadow slips into darkness.
The shadow flickers and vanishes!
Deactivating autopickup; reactivate with Ctrl-A.
You barely miss something.
The shadow strikes at you from the darkness!
Reactivating autopickup.
You hit the shadow but do no damage.
The shadow is lightly damaged.
The shadow hits you.
You puncture the shadow!
The shadow is heavily damaged.
You block the shadow's attack.
You closely miss the shadow.
The shadow is heavily damaged.
The shadow misses you.
You barely miss the shadow.
The shadow is heavily damaged.
The shadow hits you.
You hit the shadow.
The shadow is heavily damaged.
The shadow slips into darkness.
The shadow flickers and vanishes!
Deactivating autopickup; reactivate with Ctrl-A.
The shadow strikes at you from the darkness!
Reactivating autopickup.
The shadow slips into darkness.
The shadow flickers and vanishes!
Deactivating autopickup; reactivate with Ctrl-A.
The shadow strikes at you from the darkness!
Ouch! That really hurt!
You die...

.#####..#............#.#....#
.# #..#.#..#......#..#....# .#
#..#.....#....#...#....# .#
###.........#..#....#.#
.###.............#.....#.#
<....##.#.#.#)#.#........#
..........#.......#....#.#
.######.####....#..#.....#
.#####.....##...@...#....#
........######..#......#.#####
######.## ###........#.....#
#.# #.###.####.#####.#
#.######..........# ###.#
#........(###########...##
#########.# #.........# #.#
#.#######.# #.# #.........#


There were no monsters in sight!

Vanquished Creatures
  A water moccasin (D:4)
  A centaur (D:5)
  A kobold brigand (D:4)
  A scorpion (D:5)
  A centaur skeleton (D:5)
  A gnoll shaman (D:5)
  A hound skeleton (D:4)
  4 gnolls
  3 adders
  3 worms
  A dart slug (D:2)
  4 orcs
  8 ball pythons
  3 endoplasms
  3 giant cockroaches
  5 goblins
  8 hobgoblins
  12 jackals
  A kobold (D:2)
  3 quokkas
  5 bats
  4 frilled lizards
  4 rats
  A spectral orc (D:3)
79 creatures vanquished.

Notes
Turn   | Place    | Note
-------+----------+-------------------------------------------
     0 | D:1      | HallandMoats the Ghoul Monk began the quest for the Orb.
     0 | D:1      | Reached XP level 1. HP: 19/19 MP: 0/0
   236 | D:1      | Reached XP level 2. HP: 18/26 MP: 1/1
   481 | D:1      | Got the Incunabulum of Transmigration and Toxins
   797 | D:1      | Found a faded altar of an unknown god.
  1037 | D:2      | Found Uphulis's Book Emporium.
  1144 | D:2      | Found a blossoming altar of Fedhas.
  1247 | D:2      | Reached skill level 1 in Armour
  1283 | D:2      | Reached XP level 3. HP: 28/31 MP: 2/2
  1706 | D:2      | Reached XP level 4. HP: 38/38 MP: 3/3
  1899 | D:3      | Reached skill level 1 in Shields
  2222 | D:3      | Found a basalt altar of Yredelemnul.
  2302 | D:3      | Found Wiarchosu's Magic Scroll Boutique.
  2327 | D:3      | Bought a scroll of identify for 22 gold pieces
  2327 | D:3      | Bought a scroll of identify for 22 gold pieces
  2814 | D:4      | Reached skill level 1 in Polearms
  2903 | D:4      | Identified the +2 robe of Laphojav {rPois Str+7 Stlth-}
  2937 | D:4      | Found a snail-covered altar of Cheibriados.
  2938 | D:4      | Found a hide-covered altar of Uskayaw.
  2938 | D:4      | Found an ornate altar of the Wu Jian Council.
  2961 | D:4      | Reached XP level 5. HP: 45/45 MP: 4/4
  2973 | D:4      | Noticed a kobold brigand
  2987 | D:4      | Killed a kobold brigand
  3060 | D:4      | Noticed a water moccasin
  3077 | D:4      | Killed a water moccasin
  3078 | D:4      | Reached XP level 6. HP: 32/52 MP: 5/5
  3259 | D:4      | Found a shadowy altar of Dithmenos.
  3556 | D:5      | Entered Level 5 of the Dungeon
  3761 | D:5      | Reached XP level 7. HP: 59/59 MP: 6/6
  4040 | D:5      | Found a stormy altar of Qazlal.
  4067 | D:5      | Noticed a shadow
  4093 | D:5      | Slain by a shadow

Illustrated notes

Levels and vault maps discovered:
D:1:      roderic_chinese_lattice_arrival, layout_loops_cross,
          shapermc_ecumenical_altar_mp_vishouse
D:2:      layout_basic, serial_shops, nicolae_shop_statue_plus, basic_altar
D:3:      layout_rooms, yredelemnul_forgotten_temple_becter, serial_shops,
          nicolae_shop_temple_entry_statues_fountains, hangedman_glass_teeth,
          grunt_decor_one_mirror
D:4:      layout_basic, nicolae_dithmenos_shadow_blocks,
          chequers_temple_overflow_statue_of_worship
D:5:      layout_loops_ring, mainiacjoe_overflow_cross_hatched, serial_shops,
          shop, hangedman_decor_opposing

Skill      XL: |  1  2  3  4  5  6  7 |
---------------+----------------------+-----
Dodging        | 3 4 |  4.2
Axes           | 3 |  3.0
Armour         | 1 2 3 |  3.0
Shields        | 1 2 |  2.7
Polearms       | 1 2 |  2.6
Fighting       | 4 |  4.2
Stealth        | |  2.1

Action                   |  1- 3 |  4- 6 |  7- 9 || total
-------------------------+-------+-------+-------++-------
Melee: Hand axe          |    58 |       |       ||    58
       Spear             |    60 |   158 |    37 ||   255
  Use: Scroll            |       |     4 |       ||     4
Armor: Leather armour    |    29 |       |       ||    29
       Chain mail        |    23 |    37 |       ||    60
       Robe              |       |    29 |    23 ||    52
Dodge: Dodged            |    70 |    70 |    29 ||   169
Block: Buckler           |     5 |    27 |    14 ||    46

Table legend: (Time is in decaauts)
 A = Elapsed time spent in this place.
 B = Non-inter-level travel time spent in this place.
 C = Inter-level travel time spent in this place.
 D = Time resting spent in this place.
 E = Time spent auto-exploring this place.
 F = Levels seen in this place.
 G = Mean time per level.
                   A        B        C        D        E       F      G
               +--------+--------+--------+--------+--------+-----+--------+
         Total |   4113 |   4056 |     57 |    465 |   2849 |   5 |  822.6 |
       Dungeon |   4113 |   4056 |     57 |    465 |   2849 |   5 |  822.6 |
               +--------+--------+--------+--------+--------+-----+--------+

Top non-repeatable levels by time:
     D:2: 1108 daAuts
     D:4: 1028 daAuts
     D:1: 1027 daAuts
     D:3: 495 daAuts
     D:5: 453 daAuts
